 Seeded DCSS version 0.28-a0-1206-g193881aaa2 (webtiles) character file.

Game seed: 20211221 (custom seed)

2 WhamHam the Grave Robber (level 1, -1/15 HPs)
             Began as a Deep Dwarf Necromancer on Dec 21, 2021.
             Slain by a kobold (2 damage)
             ... on level 1 of the Dungeon.
             The game lasted 00:01:48 (107 turns).

WhamHam the Grave Robber (Deep Dwarf Necromancer)    Turns: 107, Time: 00:01:48

Health: -1/15      AC:  2    Str: 11    XL:     1   Next: 25%
Magic:  3/3        EV: 12    Int: 15    God:
Gold:   0          SH:  0    Dex: 13    Spells: 2/3 levels left

rFire   . . .      SeeInvis .   (no weapon)
rCold   . . .      Faith    .   (no shield)
rNeg    . . .      Spirit   .   a - +0 robe
rPois   .          Reflect  .   (no helmet)
rElec   .          Harm     .   (no cloak)
rCorr   .          Rampage  .   (no gloves)
Will    .....                   (no boots)
Stlth   ++........              (no amulet)
HPRegen 0.00/turn               (no ring)
MPRegen 0.08/turn               (no ring)

@: no status effects
A: damage resistance, heal wounds, sense surroundings 1, no regeneration
a: Heal Wounds


You were on level 1 of the Dungeon.
You visited 1 branch of the dungeon, and saw 1 of its levels.

Inventory:

Hand Weapons
 c - a +0 short sword
Missiles
 b - 23 stones
Armour
 a - a +0 robe (worn)


   Skills:
 + Level 2.1 Dodging
 + Level 2.4 Stealth
 + Level 1.7 Spellcasting
 + Level 4.5 Necromancy


You had 2 spell levels left.
You knew the following spells:

 Your Spells              Type           Power      Damage    Failure   Level
a - Pain                  Necr           56%        1d6       3%          1

Your spell library contained the following spells:

 Spells                   Type           Power      Damage    Failure   Level
 Animate Skeleton         Necr           28%        N/A       3%          1
 Vampiric Draining        Necr           14%        2d7       11%         3
 Animate Dead             Necr           7%         N/A       34%         4
 Agony                    Necr           14%        N/A       69%         5


Dungeon Overview and Level Annotations

Branches:
Dungeon (1/15)

Altars:


Innate Abilities, Weirdness & Mutations

You are resistant to damage.
You can heal yourself by infusing magical energy.
You passively map a small area around you.
You do not regenerate.


Message History

The ball python's grasp on you weakens, but your attempt to escape fails.
The kobold shouts!
The ball python bites you. The ball python constricts you.
The ball python closely misses you.
You escape the ball python's grasp.
The giant cockroach bites you. The ball python barely misses you. x2
The giant cockroach bites you but does no damage.
The ball python barely misses you. The ball python grabs you.
The ball python constricts you.
You escape the ball python's grasp.
The ball python closely misses you. The ball python barely misses you.
A kobold comes into view. It is wielding a +0 whip of flaming.
The kobold misses you.
You hit the ball python.
The ball python is severely wounded.
The kobold hits you with a +0 dagger.
* * * LOW HITPOINT WARNING * * *
The ball python closely misses you. x2
The kobold hits you with a +0 whip of flaming.
* * * LOW HITPOINT WARNING * * *
The kobold burns you.
Unknown command.
Unknown command.
Unknown command.
Unknown command.
Unknown command.
Unknown command.
Unknown command.
Unknown command.
Unknown command.
Unknown command.
Unknown command.
Unknown command.
Unknown command.
You hit the ball python.
You kill the ball python!
The kobold hits you with a +0 dagger.
* * * LOW HITPOINT WARNING * * *
The kobold hits you with a +0 whip of flaming.
You die...

, ,..
,, * ..
* .# *
, .# *
*.# *.#
#####K#
#S.B@.#
* * *
#.###K#
, ,,
#.#..K#
*
#.#.#.#
#S....#
, , *
###K###
#.# , *
* #.#
### ,
#.# ..
,


You could see a giant cockroach, a ball python and 3 kobolds.

Vanquished Creatures
  An endoplasm (D:1)
  A ball python (D:1)
  A rat (D:1)
3 creatures vanquished.

Notes
Turn   | Place    | Note
-------+----------+-------------------------------------------
     0 | D:1      | WhamHam the Deep Dwarf Necromancer began the quest for the
                  | Orb.
     0 | D:1      | Reached XP level 1. HP: 15/15 MP: 3/3
   107 | D:1      | Slain by a kobold

Illustrated notes

Levels and vault maps discovered:
D:1:      eino_arrival_cavern_b, layout_loops_ring, basic_ecumenical_altar,
          kennysheep_minor_cross, minmay_misc_feat_rugged

Action                   || total
-------------------------++-------
Melee: Unarmed           ||    13
Armor: Robe              ||    10
Dodge: Dodged            ||    34

Table legend: (Time is in decaauts)
 A = Elapsed time spent in this place.
 B = Non-inter-level travel time spent in this place.
 C = Inter-level travel time spent in this place.
 D = Time resting spent in this place.
 E = Time spent auto-exploring this place.
 F = Levels seen in this place.
 G = Mean time per level.
                   A        B        C        D        E       F      G
               +--------+--------+--------+--------+--------+-----+--------+
         Total |    108 |    100 |      8 |      0 |      0 |   1 |  108.0 |
       Dungeon |    108 |    100 |      8 |      0 |      0 |   1 |  108.0 |
               +--------+--------+--------+--------+--------+-----+--------+

Top non-repeatable levels by time:
     D:1: 108 daAuts
